 Dungeon Sprint DCSS version 0.30.1-9-gdf580d7c3d (webtiles) character file.

Game seed: 16504449141016738597

15400 Heoruswealwe the Phalangite (level 12, -19/128 HPs)
             Began as a Minotaur Fighter on Oct 12, 2023.
             Was an Initiate of Gozag.
             Killed from afar by an ogre mage (42 damage)
             ... with a bolt of magma
             ... in the Dungeon (Sprint IX: "|||||||||||||||||||||||||||||").
             The game lasted 00:11:12 (2112 turns).

Heoruswealwe the Phalangite (Minotaur Fighter)      Turns: 2112, Time: 00:11:14

Health: -19/128    AC: 22    Str: 26    XL:     12   Next: 0%
Magic:  11/11      EV:  8    Int:  5    God:    Gozag
Gold:   6914       SH:  0    Dex: 10    Spells: 11/11 levels left

rFire   . . .        b - +2 halberd (venom)
rCold   . . .        (shield currently unavailable)
rNeg    . . .        c - +0 plate armour
rPois   .            (helmet restricted)
rElec   .            h - +0 cloak
rCorr   .            f - +0 pair of gloves
SInv    .            (no boots)
Will    .....        (no amulet) Stlth
                     (no ring)
HPRegen 0.41/turn    (no ring)
MPRegen 0.12/turn

%: no teleportation
@: no status effects
A: horns 2, retaliatory headbutt
a: Renounce Religion, Potion Petition, Call Merchant, Bribe Branch


You were in the Dungeon.
You worshipped Gozag.
Gozag was greatly pleased with you.
You visited 1 branch You collected 6914 gold pieces.

Inventory:

Hand Weapons
 a - a +0 trident
 b - a +2 halberd of venom (weapon)
 m - a +0 glaive
Armour
 c - a +0 plate armour (worn)
 d - a +0 buckler
 f - a +0 pair of gloves (worn)
 h - a +0 cloak (worn)
Wands
 l - a wand of acid (10)
Scrolls
 j - 2 scrolls of blinking
 n - 2 scrolls of enchant armour
 o - 2 scrolls of enchant weapon
Potions
 e - 5 potions of curing
 g - 2 potions of haste
 i - a potion of cancellation
 k - 3 potions of might


   Skills:
 + Level 18.5 Fighting
 * Level 24.9 Polearms
 + Level 18.5 Armour
 - Level 3.6 Shields


You had 11 spell levels left.
You didn't know any spells.
Your spell library was empty.

Dungeon Overview and Level Annotations

Branches:
Dungeon (1/1)

Altars:
Cheibriados
Dithmenos
Elyvilon
Fedhas
Gozag
Hepliaklqana
Kikubaaqudgha
Makhleb
Nemelex Xobeh
Okawaru
Qazlal
Ru
Sif Muna
Trog
Uskayaw
Vehumet
Wu Jian
Xom
Yredelemnul
Zin
The Shining One
Jiyva
Lugonu

Shops:
D !


Innate Abilities, Weirdness & Mutations

You have a pair of horns on your head.
You reflexively headbutt those who attack you in melee.


Message History

The troll is no longer distracted by gold.
Your headbutt misses the troll.
The troll is severely wounded.
The troll bites you!
* * * LOW HITPOINT WARNING * * *
The troll barely misses you. The troll claws you but does no damage.
You impale the troll!!
You kill the troll!
Reach: b) +2 halberd (venom)
Press: ? - help, Dir - move target, f - troll
Aim: a troll (about 27% to evade your +2 halberd of venom)
You reach to attack!
You slice the troll!!
The troll is poisoned.
The troll is almost dead.
The troll is distracted by your dazzling golden aura.
Reach: b) +2 halberd (venom)
Press: ? - help, Dir - move target, f/p - troll
Aim: a troll (almost dead, unaware, very poisoned, hasn't noticed you, about 27% to evade your +2 halberd of venom)
You reach to attack!
The troll shouts!
You hit the troll.
You kill the troll!
You have reached level 12!
You feel agile.
You start resting.
An ogre mage comes into view. It is wielding a +0 flail.
You close the door, pushing everything out of the way.
You see here 819 gold pieces.
You start resting.
An ogre mage opens the door.
It is wielding a +0 flail.
The ogre mage hits you but does no damage.
There is an open door to Orc:2, spattered with blood here.
You hit the ogre mage but do no damage.
The ogre mage is poisoned.
You impale the ogre mage!!
The ogre mage looks as sick as possible!
You headbutt the ogre mage!
The ogre mage is almost dead.
The ogre mage gestures at you while chanting.
The bolt of magma hits you!!!
You die...
Your body crumbles into a pile of gold.

..).['...==[)?!'_________________
▓▓▓▓▓▓▓▓▓▓▓▓▓▓▓▓▓▓▓▓▓▓▓▓▓▓▓▓▓▓▓▓▓
.................................
▓▓▓▓▓▓▓▓▓▓▓▓▓▓▓▓▓▓▓▓▓▓▓▓▓▓▓▓▓▓▓▓▓
..'.)..........'.........'.......
▓▓▓▓▓▓▓▓▓▓▓▓▓▓▓▓▓▓▓▓▓▓▓▓▓▓▓▓▓▓▓▓▓
......................)..........
▓▓▓▓▓▓▓▓▓▓▓▓▓▓▓▓▓▓▓▓▓▓▓▓▓▓▓▓▓▓▓▓▓


$$$$ $ $ .∩$$$$O@$..).)))))))'... ▓▓▓▓▓▓▓▓▓▓▓▓▓▓▓▓▓▓▓▓▓▓▓▓ You could see an ogre
mage (extremely poisoned).

Vanquished Creatures
  Josephine (D)
  A hydra (D)
  A centaur warrior (D)
  A two-headed ogre (D)
  A death yak (D)
  An orc high priest (D)
  A skyshark (D)
  A deep troll (D)
  2 lindwurms (D)
  3 orc knights (D)
  An orc sorcerer (D)
  2 manticores (D)
  An elephant (D)
  5 cane toads (D)
  3 komodo dragons (D)
  2 tyrant leeches (D)
  8 trolls (D)
  2 blink frogs (D)
  3 wraiths (D)
  A yak (D)
  A wyvern (D)
  A vampire mosquito (D)
  An acid dragon (D)
  8 orc warriors (D)
  A black bear (D)
  A centaur (D)
  2 ogres (D)
  A wolf (D)
  A bullfrog (D)
  A wight (D)
  4 orc priests (D)
  A sleepcap (D)
  4 orc wizards (D)
  An ufetubus (D)
  4 worms (D)
  6 orcs (D)
  A ball python (D)
  2 goblins (D)
  2 kobolds (D)
84 creatures vanquished.

Notes
Turn   | Place    | Note
-------+----------+-------------------------------------------
     0 | D        | Heoruswealwe the Minotaur Fighter began the quest for the
                  | Orb.
     0 | D        | Reached XP level 1. HP: 19/19 MP: 0/0
     8 | D        | Reached skill level 3 in Polearms
    13 | D        | Reached skill level 4 in Polearms
    19 | D        | Noticed an ogre
    19 | D        | Noticed a sleepcap
    19 | D        | Noticed an ogre
    24 | D        | Killed an ogre
    25 | D        | Reached skill level 7 in Polearms
    25 | D        | Reached XP level 2. HP: 30/30 MP: 1/1
    25 | D        | Reached XP level 3. HP: 37/37 MP: 2/2
    25 | D        | Reached XP level 4. HP: 44/44 MP: 3/3
    30 | D        | Reached skill level 8 in Polearms
    36 | D        | Killed an ogre
    37 | D        | Reached skill level 10 in Polearms
    37 | D        | Reached XP level 5. HP: 15/53 MP: 4/4
    52 | D        | Found a snail-covered altar of Cheibriados.
    52 | D        | Found a shadowy altar of Dithmenos.
    52 | D        | Found a white marble altar of Elyvilon.
    52 | D        | Found a blossoming altar of Fedhas.
    52 | D        | Found an opulent altar of Gozag.
    53 | D        | Found a hazy altar of Hepliaklqana.
    54 | D        | Found a viscous altar of Jiyva.
    55 | D        | Found an ancient bone altar of Kikubaaqudgha.
    56 | D        | Found a corrupted altar of Lugonu.
    57 | D        | Found a burning altar of Makhleb.
    58 | D        | Found a sparkling altar of Nemelex Xobeh.
    59 | D        | Found an iron altar of Okawaru.
    60 | D        | Became a worshipper of Gozag Ym Sagoz the Greedy
    61 | D        | Found a stormy altar of Qazlal.
    62 | D        | Found a sacrificial altar of Ru.
    63 | D        | Found a shimmering blue altar of Sif Muna.
    64 | D        | Found a bloodstained altar of Trog.
    65 | D        | Found a hide-covered altar of Uskayaw.
    66 | D        | Found a radiant altar of Vehumet.
    67 | D        | Found an ornate altar of the Wu Jian Council.
    68 | D        | Found a shimmering altar of Xom.
    69 | D        | Found a basalt altar of Yredelemnul.
    70 | D        | Found a glowing silver altar of Zin.
    71 | D        | Found a glowing golden altar of the Shining One.
   191 | D        | Noticed an acid dragon
   191 | D        | Noticed a centaur
   191 | D        | Noticed an orc warrior
   191 | D        | Noticed a wyvern
   191 | D        | Noticed a troll
   194 | D        | Killed a troll
   195 | D        | Reached skill level 12 in Polearms
   195 | D        | Reached XP level 6. HP: 49/63 MP: 5/5
   196 | D        | Killed a wyvern
   197 | D        | Reached skill level 13 in Polearms
   197 | D        | Reached XP level 7. HP: 55/71 MP: 6/6
   204 | D        | Reached skill level 10 in Fighting
   204 | D        | Reached skill level 10 in Armour
   216 | D        | Reached skill level 14 in Polearms
   220 | D        | HP: 2/69 [wight/+2 mace of freezing (2)]
   402 | D        | Noticed a vampire mosquito
   402 | D        | Noticed a manticore
   402 | D        | Noticed a troll
   402 | D        | Noticed a centaur warrior
   402 | D        | Noticed a two-headed ogre
   402 | D        | Noticed a manticore
   405 | D        | Killed a manticore
   406 | D        | Reached skill level 15 in Polearms
   406 | D        | Reached XP level 8. HP: 47/82 MP: 7/7
   411 | D        | Killed a two-headed ogre
   412 | D        | Reached skill level 16 in Polearms
   418 | D        | Killed a centaur warrior
   419 | D        | Reached skill level 17 in Polearms
   419 | D        | Reached XP level 9. HP: 24/93 MP: 8/8
   424 | D        | Killed a troll
   425 | D        | Reached skill level 18 in Polearms
   429 | D        | Killed a manticore
   782 | D        | Noticed a cane toad
   782 | D        | Noticed a cane toad
   782 | D        | Noticed a cane toad
   783 | D        | Noticed a cane toad
   787 | D        | Killed a cane toad
   790 | D        | Killed a cane toad
   791 | D        | Reached skill level 19 in Polearms
   795 | D        | Killed a cane toad
   796 | D        | Reached XP level 10. HP: 76/104 MP: 9/9
   804 | D        | Noticed a cane toad
   806 | D        | Killed a cane toad
   817 | D        | Killed a cane toad
   818 | D        | Reached skill level 15 in Fighting
   818 | D        | Reached skill level 20 in Polearms
   818 | D        | Reached skill level 15 in Armour
  1069 | D        | Noticed a skyshark
  1069 | D        | Noticed an elephant
  1069 | D        | Noticed a five-headed hydra
  1079 | D        | Killed a nine-headed hydra
  1081 | D        | Noticed a death yak
  1089 | D        | Reached skill level 21 in Polearms
  1090 | D        | Killed an elephant
  1095 | D        | Killed a skyshark
  1101 | D        | Killed a death yak
  1102 | D        | Reached XP level 11. HP: 77/115 MP: 10/10
  1110 | D        | Reached skill level 22 in Polearms
  1218 | D        | Noticed a lindwurm
  1218 | D        | Noticed a lindwurm
  1232 | D        | Killed a lindwurm
  1234 | D        | Killed a lindwurm
  1444 | D        | Noticed Josephine
  1456 | D        | Killed Josephine
  1457 | D        | Reached skill level 23 in Polearms
  1615 | D        | Noticed an orc knight
  1641 | D        | Killed an orc knight
  1774 | D        | Noticed an orc knight
  1774 | D        | Noticed an orc high priest
  1782 | D        | Noticed an orc knight
  1789 | D        | Killed an orc high priest
  1795 | D        | Killed an orc knight
  1812 | D        | Noticed an orc sorcerer
  1814 | D        | Killed an orc knight
  1815 | D        | Reached skill level 24 in Polearms
  1816 | D        | Noticed a sun demon
  1832 | D        | Killed an orc sorcerer
  2055 | D        | Found Hufekk's Distillery.
  2055 | D        | Noticed a deep troll
  2067 | D        | Killed a deep troll
  2091 | D        | Reached XP level 12. HP: 14/128 MP: 11/11
  2098 | D        | Noticed an ogre mage
  2112 | D        | Killed from afar by an ogre mage

Illustrated notes

Levels and vault maps discovered:
D:        linesprint [early_d, line_temple, items_1, d_10, items_2, lair_1,
          lair_end, items_3, orc_1, orc_end, items_4, d_15, swamp_1, shoals_1,
          snake_1, spider_1, d_20, vaults_1, items_5, swamp_end, shoals_end,
          snake_end, spider_end, vaults_end, d_27, items_6, zot_1, zot_end,
          crypt_end, forest_end, elf_end, slime_end, tomb_end, abyss_end,
          pan_hell_end]

Skill      XL: |  1  2  3  4  5  6  7  8  9 10 11 |
---------------+----------------------------------+-----
Polearms       | 7 10 12 13 15 17 19 21 24 | 24.9
Fighting       | 6 7 9 11 13 14 16 18 | 18.5
Armour         | 6 7 9 11 13 14 16 18 | 18.5
Shields        | |  3.6

Action                     |  1- 3 |  4- 6 |  7- 9 | 10-12 || total
---------------------------+-------+-------+-------+-------++-------
  Melee: Trident           |    12 |    21 |       |       ||    33
         Headbutt          |     2 |     3 |    13 |    47 ||    65
         Halberd           |       |     5 |    65 |   223 ||   293
    Use: Potion            |     1 |       |     2 |     5 ||     8
 Armour: Scale mail        |     3 |     4 |       |       ||     7
         Chain mail        |       |     4 |     9 |       ||    13
         Plate armour      |       |       |    25 |    72 ||    97
  Dodge: Dodged            |     4 |     7 |    19 |    30 ||    60
  Block: Buckler           |     1 |     3 |       |       ||     4
